 Dungeon Crawl Stone Soup version 0.25-a0-277-g7046ed1b37 (webtiles) character file.

Game seed: 13524334630676997517, levelgen mode: deterministic

663 Jindul the Shield-Bearer (level 7, -14/44 HPs)
             Began as a Gargoyle Fighter on Dec 9, 2019.
             Was a Follower of Makhleb.
             Demolished by an orc warrior
             ... wielding a +0 war axe
              (19 damage)
             ... on level 6 of the Dungeon.
             The game lasted 00:15:52 (4850 turns).

Jindul the Shield-Bearer (Gargoyle Fighter)         Turns: 4850, Time: 00:15:52

Health: -14/44     AC: 13    Str: 25    XL:     7   Next: 56%
Magic:  8/8        EV:  8    Int:  8    God:    Makhleb [*.....]
Gold:   292        SH: 10    Dex:  9    Spells: 6/6 levels left

rFire    . . .     SeeInvis .   a - +0 flail
rCold    . . .     Gourm    .   c - +0 shield
rNeg     + . .     Faith    .   b - +0 scale mail
rPois    ∞         Spirit   .   A - +0 helmet
rElec    +         Reflect  .   (no cloak)
rCorr    .         Harm     .   (no gloves)
MR       +....                  (no boots)
Stlth    ..........             (no amulet)
HPRegen  0.14/turn              r - +3 ring of strength
MPRegen  0.11/turn              q - ring of protection from magic

@: no status effects
A: negative energy resistance 1, electricity resistance, unbreathing,
petrification resistance, rot immunity, AC +4
a: Renounce Religion


You were on level 6 of the Dungeon.
You worshipped Makhleb.
Makhleb was aware of your devotion.
You were not hungry.

You visited 1 branch of the dungeon, and saw 6 of its levels.

You collected 292 gold pieces.

Inventory:

Hand Weapons
 a - a +0 flail (weapon)
 v - a +0 mace
Armour
 b - a +0 scale mail (worn)
 c - a +0 shield (worn)
 A - a +0 helmet (worn)
Jewellery
 q - a ring of protection from magic (right hand)
 r - a +3 ring of strength (left hand)
Scrolls
 i - 3 scrolls of enchant weapon {unknown}
 j - 3 scrolls of identify {unknown}
 k - a scroll of fear {unknown}
 l - 2 scrolls of remove curse
 n - 2 scrolls of amnesia {unknown}
 o - 3 scrolls of teleportation {unknown}
 s - 2 scrolls of noise {unknown}
 u - a scroll of blinking {unknown}
 x - 3 scrolls of fog {unknown}
 z - a scroll of magic mapping {unknown}
Potions
 d - 2 potions of might
 e - 5 potions of curing
 h - a potion of brilliance
 m - a potion of magic {unknown}
 p - a potion of flight
 t - a potion of cancellation {unknown}
 w - a potion of degeneration {unknown}
Comestibles
 f - 5 rations
 g - 4 chunks of flesh


   Skills:
 + Level 4.9 Fighting
 + Level 3.7 Maces & Flails
 + Level 5.0 Armour
 * Level 6.3 Shields
 + Level 2.2 Invocations


You had 6 spell levels left.
You didn't know any spells.
Your spell library was empty.

Dungeon Overview and Level Annotations

Branches:
Dungeon (6/15)             Temple (0/1) D:6

Altars:
Ashenzari
Dithmenos
Makhleb
Nemelex Xobeh
Okawaru
Sif Muna
Wu Jian
The Shining One


Innate Abilities, Weirdness & Mutations

You are resistant to torment.
Your stone body is resilient. (AC +4)
You are immune to poison.
You resist negative energy. (rN+)
You are resistant to electric shocks. (rElec)
You can survive without breathing.
You are immune to petrification.
You are immune to rotting.


Message History

You hit the orc warrior but do no damage.
The orc warrior is heavily wounded.
You block the orc warrior's attack.
You closely miss the orc warrior.
The orc warrior is heavily wounded.
You block the orc warrior's attack.
You barely miss the orc warrior.
The orc warrior is heavily wounded.
You block the orc warrior's attack.
You sock the orc warrior!
The orc warrior is severely wounded.
You block the orc warrior's attack.
You closely miss the orc warrior.
The orc warrior is severely wounded.
The orc warrior hits you with a +0 war axe!
* * * LOW HITPOINT WARNING * * *
You sock the orc warrior!
The orc warrior is almost dead.
The orc warrior hits you with a +0 war axe!!
You die...

.## ...... . ...#
#.. .o.####.
..... ... #..##..
?..# ..# #.##..
...####.## #.....
#..#....# #.....
#)...#.# ##.....
##o..#.## #).###.
#@#..#..####)##
##
#:###........##
#.# #.#.#......##
#.#
#..#.#..##...#
#..
#...#...#####'###
..# #.###...##
#.....## .#. ...
.....####.###.#.
. ...
.....###.'.#>#.+.
.. .....#
#.#.#+#.##


You could see an orc warrior.

Vanquished Creatures
  An ogre (D:4)
  A bullfrog (D:6)
  A howler monkey (D:5)
  A hound (D:5)
  4 orc wizards
  A bullfrog skeleton (D:5)
  3 worker ants
  5 adders
  7 gnolls
  An ooze (D:2)
  An adder skeleton (D:4)
  3 worms (D:3)
  2 dart slugs (D:2)
  5 leopard geckos
  12 orcs
  7 giant cockroaches
  4 goblins
  13 hobgoblins
  8 jackals
  A quokka (D:2)
  7 bats
  5 frilled lizards
  8 kobolds
  5 rats
106 creatures vanquished.

Vanquished Creatures (others)
  An orc wizard (D:6)
1 creature vanquished.

Grand Total: 107 creatures vanquished

Notes
Turn   | Place    | Note
-------+----------+-------------------------------------------
     0 | D:1      | Jindul the Gargoyle Fighter began the quest for the Orb.
     0 | D:1      | Reached XP level 1. HP: 14/14 MP: 1/1
   320 | D:1      | Reached XP level 2. HP: 19/19 MP: 2/2
   674 | D:1      | Reached XP level 3. HP: 19/23 MP: 3/3
  1001 | D:2      | Reached skill level 4 in Shields
  1145 | D:2      | Found a shadowy altar of Dithmenos.
  1316 | D:2      | Reached XP level 4. HP: 26/29 MP: 4/4
  1772 | D:2      | Reached XP level 5. HP: 8/33 MP: 5/5
  2453 | D:3      | Found a burning altar of Makhleb.
  2487 | D:3      | Became a worshipper of Makhleb the Destroyer
  2774 | D:3      | Reached skill level 5 in Shields
  2865 | D:3      | Found a shimmering blue altar of Sif Muna.
  2992 | D:3      | Found a sparkling altar of Nemelex Xobeh.
  3208 | D:4      | Noticed an ogre
  3211 | D:5      | Entered Level 5 of the Dungeon
  3271 | D:5      | Found a glowing golden altar of the Shining One.
  3413 | D:5      | Reached XP level 6. HP: 29/38 MP: 6/6
  3520 | D:5      | Reached skill level 1 in Invocations
  3792 | D:5      | Noticed a sky beast
  3937 | D:4      | Found a sparkling altar of Nemelex Xobeh.
  3985 | D:4      | Found an iron altar of Okawaru.
  4011 | D:4      | Found a shattered altar of Ashenzari.
  4071 | D:4      | Found an ornate altar of the Wu Jian Council.
  4157 | D:4      | Reached XP level 7. HP: 33/44 MP: 8/8
  4653 | D:6      | Reached skill level 6 in Shields
  4776 | D:6      | Found a staircase to the Ecumenical Temple.
  4828 | D:6      | Reached skill level 5 in Armour
  4837 | D:6      | Reached * piety under Makhleb
  4850 | D:6      | Demolished by an orc warrior

Levels and vault maps discovered:
D:1:      dpeg_arrival_erosion, layout_rooms, serial_bayou,
          serial_bayou_crossing, serial_bayou_shore_a, serial_bayou_shore_b,
          serial_bayou_pond_a, serial_bayou_ford_a
D:2:      layout_loops_ring, nicolae_dithmenos_through_a_glass_darkly
D:3:      layout_loops_ring, lemuel_round_altar, lemuel_blue_sif_altar,
          nemelex_xobeh_ov_fountains_minmay
D:4:      layout_basic, okawaru_metal_pillars_1_2,
          nicolae_overflow_crystal_walls, ashenzari_conservatory_becter,
          lemuel_doored_altar
D:5:      layout_basic, first_ration, basic_altar, hex_large
D:6:      layout_layer_cave, minmay_temple_entry_glassed_door,
          minmay_manual_mail

Skill      XL: |  1  2  3  4  5  6  7 |
---------------+----------------------+-----
Shields        | 4 5 6 |  6.3
Armour         | 4 5 |  5.0
Fighting       | 4 |  4.9
Maces & Flails | 3 |  3.7
Invocations    | 1 2 |  2.2

Action                   |  1- 3 |  4- 6 |  7- 9 || total
-------------------------+-------+-------+-------++-------
Melee: Flail             |   189 |   277 |    93 ||   559
  Use: Potion            |       |       |     5 ||     5
       Scroll            |       |       |     1 ||     1
  Eat: Chunk             |     1 |    10 |     3 ||    14
Armor: Scale mail        |   115 |   162 |    73 ||   350
Dodge: Dodged            |    60 |   117 |    31 ||   208
Block: Shield            |   105 |   177 |    81 ||   363

Table legend:
 A = Non-vault XP
 B = Vault XP
 C = Vault XP percentage of total XP
 D = Non-vault monster count
 E = Vault monster count
 F = Vault count percentage of total count
                 A         B        C        D         E       F
            +---------+---------+-------+---------+---------+-------
      Total |     831 |     117 |  12.3 |     103 |       3 |   2.8
            +---------+---------+-------+---------+---------+-------
        D:1 |      35 |       0 |   0.0 |      21 |       0 |   0.0
        D:2 |     145 |       0 |   0.0 |      31 |       0 |   0.0
        D:3 |     121 |       0 |   0.0 |      25 |       0 |   0.0
        D:4 |     168 |       0 |   0.0 |       5 |       0 |   0.0
        D:5 |     186 |       0 |   0.0 |      12 |       0 |   0.0
        D:6 |     176 |     117 |  39.9 |       9 |       3 |  25.0
            +---------+---------+-------+---------+---------+-------
